 Dungeon Crawl Stone Soup version 0.28-a0-1404-g4df0f3684d (webtiles) character file.

Game seed: 6533663708000085008

471 HallandMoats the Covered (level 6, -5/53 HPs)
             Began as a Minotaur Fighter on Jan 5, 2022.
             Was a Believer of Makhleb.
             Slain by an ogre (13 damage)
             ... on level 4 of the Dungeon.
             The game lasted 00:02:50 (3537 turns).

HallandMoats the Covered (Minotaur Fighter)         Turns: 3537, Time: 00:02:50

Health: -5/53      AC:  8    Str: 20    XL:     6   Next: 83%
Magic:  7/7        EV: 10    Int:  5    God:    Makhleb [**....]
Gold:   156        SH:  5    Dex: 12    Spells: 5/5 levels left

rFire   . . .      SeeInvis .   a - +0 war axe
rCold   . . .      Faith    .   c - +0 buckler
rNeg    . . .      Spirit   .   b - +0 scale mail
rPois   .          Reflect  .   (helmet restricted)
rElec   .          Harm     .   d - +0 cloak
rCorr   .          Rampage  .   (no gloves)
Will    .....                   (no boots)
Stlth   ..........              (no amulet)
HPRegen 0.17/turn               (no ring)
MPRegen 0.10/turn               (no ring)

@: no status effects
A: horns 2, retaliatory headbutt
a: Renounce Religion, Minor Destruction


You were on level 4 of the Dungeon.
You worshipped Makhleb.
Makhleb was pleased with you.
You visited 1 branch of the dungeon, and saw 4 of its levels.

You collected 156 gold pieces.

Inventory:

Hand Weapons
 a - a +0 war axe (weapon)
Armour
 b - a +0 scale mail (worn)
 c - a +0 buckler (worn)
 d - a +0 cloak (worn)
Scrolls
 j - a scroll of blinking {unknown}
 k - a scroll of identify {unknown}
Potions
 e - a potion of ambrosia {unknown}
 f - 2 potions of degeneration {unknown}
 g - a potion of brilliance {unknown}
 h - a potion of cancellation {unknown}
 i - 5 potions of curing {unknown}


   Skills:
 + Level 4.7 Fighting
 + Level 4.1 Axes
 + Level 4.8 Armour
 + Level 2.5 Dodging
 + Level 4.8 Shields
 * Level 3.7 Invocations


You had 5 spell levels left.
You didn't know any spells.
Your spell library contained the following spells:

 Spells                   Type           Power      Damage    Failure   Level
 Confusing Touch          Hex            0%         N/A       99%         3
 Inner Flame              Hex/Fire       0%         N/A       99%         3
 Cause Fear               Hex            0%         N/A       100%        4
 Yara's Violent Unravell  Hex/Tmut       0%         3d3       100%        5
 Enfeeble                 Hex            0%         N/A       100%        7
 Discord                  Hex            0%         N/A       100%        8


Dungeon Overview and Level Annotations

Branches:
Dungeon (4/15)
 Temple: D:4-7

Altars:
Makhleb
Vehumet
Yredelemnul


Innate Abilities, Weirdness & Mutations

You have a pair of horns on your head.
You reflexively headbutt those who attack you in melee.


Message History

You headbutt the adder skeleton!
You destroy the adder skeleton!
Makhleb accepts your kill.
No target in view!
No target in view!
i - 5 fizzy white potions (gained 2)
An ogre comes into view. It is wielding a +0 giant spiked club.
The ogre shouts!
An ogre is nearby!
An ogre is nearby!
An ogre is nearby!
An ogre is nearby!
You slash the ogre!
The ogre is moderately wounded.
You block the ogre's attack.
You hit the ogre.
The ogre is moderately wounded.
The ogre hits you with a +0 giant spiked club!!
Ouch! That really hurt!
You are too injured to fight recklessly!
You are too injured to fight recklessly!
You are too injured to fight recklessly!
You are too injured to fight recklessly!
You are too injured to fight recklessly!
You are too injured to fight recklessly!
You completely miss the ogre.
The ogre is moderately wounded.
The ogre hits you with a +0 giant spiked club!
* * * LOW HITPOINT WARNING * * *
You hit the ogre. You headbutt the ogre.
The ogre is heavily wounded.
You block the ogre's attack.
You hit the ogre.
The ogre is severely wounded.
The ogre misses you.
You hit the ogre.
You headbutt the ogre, but do no damage.
The ogre is severely wounded.
The ogre hits you with a +0 giant spiked club!
You die...

####.##### ##.....#
#......## ##.......
#.#.#...####........
#.#........+........
# #.#...####........
#.#.##.## ##.......
#.#.##.# ##.....#
#......# ##.....#
###@#### ###..#+#..
#O# ..... #.. #.#
#...#+#.. #..
#.......# ###
#........ #####...#
#.#####..##
#.......###
#######....


You could see an ogre.

Vanquished Creatures
  A black bear (D:3)
  An ogre (D:3)
  An orc priest (D:4)
  A gnoll shaman (D:4)
  An orc wizard (D:4)
  3 gnolls (D:4)
  8 adders
  An adder skeleton (D:4)
  3 worms
  2 dart slugs
  9 orcs
  6 endoplasms
  5 giant cockroaches
  11 goblins
  6 hobgoblins
  3 quokkas
  11 ball pythons
  7 bats
  3 frilled lizards (D:2)
  7 kobolds
  14 rats
104 creatures vanquished.

Notes
Turn   | Place    | Note
-------+----------+-------------------------------------------
     0 | D:1      | HallandMoats the Minotaur Fighter began the quest for the
                  | Orb.
     0 | D:1      | Reached XP level 1. HP: 19/19 MP: 0/0
   167 | D:1      | Reached XP level 2. HP: 27/27 MP: 1/1
   189 | D:1      | Reached skill level 1 in Invocations
   262 | D:1      | Found a faded altar of an unknown god.
   323 | D:1      | Prayed at the altar of an unknown god.
   323 | D:1      | Became a worshipper of Makhleb the Destroyer
   323 | D:1      | Reached * piety under Makhleb
   569 | D:2      | Reached XP level 3. HP: 28/33 MP: 3/3
   675 | D:2      | Reached skill level 1 in Dodging
   757 | D:2      | Reached XP level 4. HP: 32/40 MP: 4/4
  1124 | D:2      | Reached ** piety under Makhleb
  1732 | D:3      | Found a basalt altar of Yredelemnul.
  1847 | D:3      | Noticed a black bear
  1856 | D:3      | Killed a black bear
  1857 | D:3      | Reached XP level 5. HP: 13/47 MP: 4/6
  2089 | D:3      | Noticed an ogre
  2094 | D:3      | Killed an ogre
  2095 | D:3      | Reached XP level 6. HP: 53/53 MP: 7/7
  2942 | D:4      | Found a radiant altar of Vehumet.
  3537 | D:4      | Slain by an ogre

Illustrated notes

Levels and vault maps discovered:
D:1:      nagdon_arrival_zigzag_paths, layout_basic,
          chequers_ecumenical_altar_simple_redux
D:2:      minmay_evil_eye, layout_loops_ring, st_stairs_1,
          minmay_rat_gold_closets
D:3:      layout_loops_ring, yredelemnul_altar_generic
D:4:      layout_loops_corners, kennysheep_little_box, kennysheep_mini_moat,
          minmay_door_square

Skill      XL: |  1  2  3  4  5  6 |
---------------+-------------------+-----
Invocations    | 1 2 3 |  3.7
Dodging        | 1 2 |  2.5
Fighting       | 4 |  4.7
Armour         | 4 |  4.8
Shields        | 4 |  4.8
Axes           | 3 4 |  4.1

Action                   |  1- 3 |  4- 6 || total
-------------------------+-------+-------++-------
Melee: War axe           |    60 |   167 ||   227
       Headbutt          |     5 |    24 ||    29
  Use: Potion            |       |     1 ||     1
Armor: Scale mail        |    34 |    74 ||   108
Dodge: Dodged            |    42 |    85 ||   127
Block: Buckler           |    14 |    42 ||    56

Table legend: (Time is in decaauts)
 A = Elapsed time spent in this place.
 B = Non-inter-level travel time spent in this place.
 C = Inter-level travel time spent in this place.
 D = Time resting spent in this place.
 E = Time spent auto-exploring this place.
 F = Levels seen in this place.
 G = Mean time per level.
                   A        B        C        D        E       F      G
               +--------+--------+--------+--------+--------+-----+--------+
         Total |   3620 |   3487 |    133 |    226 |   2613 |   4 |  905.0 |
       Dungeon |   3620 |   3487 |    133 |    226 |   2613 |   4 |  905.0 |
               +--------+--------+--------+--------+--------+-----+--------+

Top non-repeatable levels by time:
     D:4: 1164 daAuts
     D:2: 1062 daAuts
     D:3: 822 daAuts
     D:1: 572 daAuts
